Cogmind - Beta 9.3 @@@ ROGUE MODE // 2019.12.28 @ 20:34:47 Player: Cipherpunk Result: Destroyed by Y-64 Sentinel with KE Penetrator Performance ------------- Evolutions (6) 3000 Regions Visited (16) 3200 Robots Destroyed (102) 510 Value Destroyed (2225) 2225 Prototype IDs (26) 520 Alien Tech Used (2) 400 Bonus (319) 319 TOTAL SCORE: 10174 Bonus ------- High Alert Combat Kills 18 Follower Combat Kills 106 Met Zhirov 300 Friendly Fire -105 Cogmind --------- Core Integrity 0/1150 Matter 185/300 Energy 98/100 System Corruption 0% Temperature Cool (0) Movement Core (50) Location -4/Extension Parts ------- > --- POWER (2) -------- (None) > --- PROPULSION (4) --- (None) > --- UTILITY (10) ----- Advanced Signal Interpreter Improved Terrain Scan Processor Improved Melee Analysis Suite Advanced Hacking Suite System Shield > --- WEAPON (3) ------- (None) > --- INVENTORY (4) ---- Antimatter Reactor Improved Datajack Lance Lance Peak State ------------ > --- POWER ------------ Fusion Reactor Light Antimatter Reactor > --- PROPULSION ------- Makeshift Flight Unit Biomechanical Wings Biomechanical Wings Impulse Thruster > --- UTILITY ---------- Improved Sensor Array Advanced Signal Interpreter Improved Terrain Scan Processor Improved Melee Analysis Suite Experimental Melee Analysis Suite Hacking Suite Makeshift Hacking Suite Advanced Hacking Suite System Shield Advanced System Shield > --- WEAPON ----------- Improved Datajack Lance Lance > --- INVENTORY -------- Improved Heavy Treads Neutron Cannon Heavy Proton Missile Launcher [Rating: 96] Favorites ----------- Power Light Nuclear Core Engine Light Ion Engine Power Core Light Nuclear Core Reactor Fusion Reactor Propulsion Improved Aluminum Leg Treads Improved Heavy Treads Leg Improved Aluminum Leg Flight Unit Biomechanical Wings Utility Hacking Suite Device Improved Sensor Array Storage Large Storage Unit Processor Advanced Signal Interpreter Hackware Hacking Suite Protection Layered Light Armor Plating Weapon Light Cannon Energy Gun Backup Laser III Energy Cannon Advanced Beam Cannon Ballistic Gun Autogun Ballistic Cannon Light Cannon Launcher Advanced EMP Blaster Impact Weapon Power Maul Slashing Weapon Mining Claw Piercing Weapon Lance Special Melee Weapon Improved Datajack Build | -11 -10 -10 -9 -8 -7 -7 -6 -6 -6 -5 -5 -5 -5 -4 -4 -4 ------- Run | Scr Mat Min Mat Mat Fac Sto Fac Was Fac Fac Upp Upp Zhi Pro Fac Ext Slots Evolved 12 | . . . 2 2 2 . 2 . . 2 . . . . 2 . Power 1 | . . . . . . . . . . . . . . . 1 . Propulsion 2 | . . . 1 . . . . . . 1 . . . . . . Utility 8 | . . . 1 2 2 . 2 . . 1 . . . . . . Weapon 1 | . . . . . . . . . . . . . . . 1 . Parts Attached 169 | . 14 1 20 6 19 11 18 3 6 24 6 2 4 7 27 1 Power 21 | . 1 1 2 . 3 1 1 . 1 2 4 . 1 . 4 . Engine 8 | . 1 . 1 . 1 . . . 1 1 3 . . . . . Core 10 | . . 1 1 . 2 1 1 . . 1 1 . . . 2 . Reactor 3 | . . . . . . . . . . . . . 1 . 2 . Propulsion 35 | . 4 . 5 . 4 4 6 1 . 2 2 . . 1 6 . Treads 1 | . . . . . . . . . . . . . . . 1 . Leg 6 | . 4 . 2 . . . . . . . . . . . . . Wheel . | . . . . . . . . . . . . . . . . . Hover . | . . . . . . . . . . . . . . . . . Flight 28 | . . . 3 . 4 4 6 1 . 2 2 . . 1 5 . Utility 68 | . 3 . 6 4 7 3 7 2 5 15 . 2 3 2 8 1 Device 33 | . . . 2 2 4 1 5 1 3 5 . . 2 1 6 1 Storage 10 | . 2 . 3 . . . . . . 4 . . . 1 . . Processor 10 | . 1 . 1 . 2 . . . 1 3 . 1 . . 1 . Hackware 11 | . . . . 2 1 1 1 . 1 3 . 1 1 . . . Protection 4 | . . . . . . 1 1 1 . . . . . . 1 . Artifact . | . . . . . . . . . . . . . . . . . Weapon 45 | . 6 . 7 2 5 3 4 . . 5 . . . 4 9 . Energy Gun 2 | . . . . . . . . . . . . . . . 2 . Energy Cannon 7 | . . . 6 . . . . . . . . . . . 1 . Ballistic Gun 6 | . . . . 1 3 . . . . 1 . . . . 1 . Ballistic Cannon 5 | . 5 . . . . . . . . . . . . . . . Launcher 10 | . . . . . . 3 3 . . . . . . 2 2 . Special Weapon . | . . . . . . . . . . . . . . . . . Impact Weapon 2 | . . . . . 2 . . . . . . . . . . . Slashing Weapon 4 | . 1 . 1 1 . . 1 . . . . . . . . . Piercing Weapon 8 | . . . . . . . . . . 4 . . . 2 2 . Special Melee Weapon 1 | . . . . . . . . . . . . . . . 1 . Unidentified Prototypes 14 | . . . 3 . . 4 1 . . . . . 4 . 2 . Parts Lost 66 | . . . 8 . 3 8 10 . 1 10 2 . . 2 15 7 Power 9 | . . . 1 . 1 1 1 . . . 1 . . . 3 1 Propulsion 20 | . . . 3 . . 4 1 . . 3 . . . 2 5 2 Utility 25 | . . . . . 2 2 5 . 1 7 1 . . . 3 4 Weapon 12 | . . . 4 . . 1 3 . . . . . . . 4 . Highest Loss Streak 11 | . . . 8 . 1 7 7 . 1 3 2 . . 1 11 7 Average Slot Usage (%) 89 | . 98 100 95 88 87 80 85 50 76 72 86 95 98 96 76 70 Engine 4 | . 14 1 6 . 1 . . . 4 . . . . . . . Core 4 | . . 12 4 9 3 6 5 . . 2 3 5 3 . 1 4 Leg 13 | . 28 28 30 . . . . . . . . . . . . . Flight 10 | . . . 1 27 21 18 19 20 20 15 16 23 23 19 10 11 Device 4 | . . . 4 6 9 6 14 3 12 5 5 5 4 4 2 8 Storage 9 | . 19 14 22 9 7 4 . . . 2 5 5 3 3 1 . Processor 13 | . 7 14 4 9 10 15 13 13 19 23 17 23 23 19 15 15 Hackware 11 | . . . . 18 23 21 24 13 18 11 21 18 24 29 24 20 Energy Cannon 2 | . . . 19 . . . . . . . . . . . 1 . Ballistic Cannon 9 | . 27 28 1 . . . . . . . . . . . . . Piercing Weapon 1 | . . . . . . . . . . 5 11 11 11 10 5 8 Naked Turns . | . . . . . . . . . . . . . . . . . Heaviest Build 56 | 13 43 27 56 16 19 18 23 7 21 33 24 16 22 29 43 15 Greatest Support 75 | 20 26 26 39 18 19 19 24 16 24 36 32 32 32 32 75 15 Greatest Overweight (x) 2 | . 2 1 2 . . 1 1 . . 1 . . . . . 1 Average Overweight (x) . | . . . . . . . . . . . . . . . . . Largest Inventory Capacity 20 | 6 16 10 20 8 8 8 4 4 4 10 6 6 6 6 6 4 Average Capacity 8 | 6 11 10 15 8 8 6 4 4 4 5 6 6 5 5 4 4 Most Carried 17 | 6 16 10 17 8 8 8 4 4 4 6 6 5 6 6 6 4 Average Carried 7 | 6 10 10 12 7 7 5 3 3 3 3 4 4 5 5 4 2 Final Capacity 10 | 6 10 10 8 8 8 4 4 4 4 6 6 6 4 6 4 4 Final Carried 10 | 6 10 10 8 8 8 4 4 4 3 4 5 5 4 6 2 4 Class Distribution -------------------- 46% | Mutant 27% | Hacker-Sprinter 24% | Hacker-Mutant Dominant Class ---------------- Mutant | -10/Materials Mutant | -10/Mines Mutant | -9/Materials Hacker-Sprinter | -8/Materials Hacker-Sprinter | -7/Factory Hacker-Sprinter | -7/Storage Hacker-Sprinter | -6/Factory Hacker-Mutant | -6/Waste Hacker-Mutant | -6/Factory Hacker-Mutant | -5/Factory Hacker-Mutant | -5/Upper Caves Hacker-Sprinter | -5/Upper Caves Hacker-Sprinter | -5/Zhirov Hacker-Mutant | -4/Proximity Caves Hacker-Mutant | -4/Factory Hacker-Mutant | -4/Extension Resources | -11 -10 -10 -9 -8 -7 -7 -6 -6 -6 -5 -5 -5 -5 -4 -4 -4 ----------- Run | Scr Mat Min Mat Mat Fac Sto Fac Was Fac Fac Upp Upp Zhi Pro Fac Ext Matter Collected 2293 | 200 632 182 175 70 117 108 70 . . 257 80 78 . 189 135 . Remotely . | . . . . . . . . . . . . . . . . . Salvage Created 2898 | . 638 429 958 . 136 163 122 . . 121 22 21 . 146 142 . Parts 181 | . 55 25 58 . 5 6 4 . . 11 1 1 . 6 9 . Haulers Intercepted 5 | . 2 . 2 . . 1 . . . . . . . . . . Recyclers Shooed 5 | . . . 3 . 2 . . . . . . . . . . . Parts Field Recycled . | . . . . . . . . . . . . . . . . . Retrieved Matter . | . . . . . . . . . . . . . . . . . Parts Self-Destructed 6 | . . . . . . . . . . . 1 1 . 4 . . Prevented 3 | . . . . . . . . . . . 1 . . 2 . . Kills | -11 -10 -10 -9 -8 -7 -7 -6 -6 -6 -5 -5 -5 -5 -4 -4 -4 ------- Run | Scr Mat Min Mat Mat Fac Sto Fac Was Fac Fac Upp Upp Zhi Pro Fac Ext Combat Hostiles Destroyed 65 | . 20 7 18 . 1 3 1 . . 3 1 1 . 5 5 . Melee 9 | . . . 1 . . 2 . . . 3 1 1 . 1 . . Guns 1 | . . . . . 1 . . . . . . . . . . . Cannons 46 | . 20 7 17 . . . . . . . . . . . 2 . AOE 8 | . . . . . . . 1 . . . . . . 4 3 . Classes Destroyed 10 | . 8 1 1 . . . . . . . . . . . . . Worker 11 | . 1 4 3 . 3 . . . . . . . . . . . Builder 3 | . 1 . . . . 1 1 . . . . . . . . . Tunneler 3 | . . 2 1 . . . . . . . . . . . . . Hauler 5 | . 2 . 2 . . 1 . . . . . . . . . . Recycler 5 | . 1 2 2 . . . . . . . . . . . . . Operator 5 | . 3 . 1 . . . . . . 1 . . . . . . Watcher 5 | . 3 . 1 . . . . . . 1 . . . . . . Swarmer 32 | . 6 2 7 . . 2 . . . 3 1 1 . 5 5 . Grunt 26 | . 14 5 6 . . 1 . . . . . . . . . . Sentry 7 | . . . 5 . 1 . 1 . . . . . . . . . Best Kill Streak 5 | . 5 4 5 . 2 4 1 . . 3 1 1 . 3 5 . Combat Bots Only 5 | . 5 3 5 . 1 3 1 . . 3 1 1 . 3 5 . Max Kills in Single Turn 3 | . 1 2 2 . 1 1 1 . . 1 1 1 . 3 2 . Gunslinging . | . . . . . . . . . . . . . . . . . Exploded 3 | . . . . . . . 1 . . . . . . 3 2 . Melee 1 | . . . 1 . . 1 . . . 1 1 1 . 1 . . Uniques/NPCs Destroyed . | . . . . . . . . . . . . . . . . . Combat | -11 -10 -10 -9 -8 -7 -7 -6 -6 -6 -5 -5 -5 -5 -4 -4 -4 -------- Run | Scr Mat Min Mat Mat Fac Sto Fac Was Fac Fac Upp Upp Zhi Pro Fac Ext Damage Taken 8523 | . 469 67 1315 . 359 854 1101 . 14 1031 147 . . 333 1832 1001 Core 2989 | . 50 . 306 . 66 346 454 . . 479 51 . . 75 345 817 Absorbed by Shields 61 | . . . . . . . 6 . . 55 . . . . . . Core Remaining (%) 60 | 100 . 80 23 100 . 41 . . 46 . . . . 36 . . Volleys Fired 173 | . 65 19 53 . 14 . 7 . . . . . . 4 11 . Largest 3 | . 2 2 2 . 2 . 2 . . . . . . 1 3 . Hottest 220 | . 90 70 136 . 51 . 76 . . . . . . 40 220 . Shots Fired 329 | . 130 38 105 . 26 . 11 . . . . . . 4 15 . Gun 36 | . 2 . . . 26 . 4 . . . . . . . 4 . Cannon 279 | . 128 38 105 . . . . . . . . . . . 8 . Launcher 14 | . . . . . . . 7 . . . . . . 4 3 . Special . | . . . . . . . . . . . . . . . . . Kinetic 192 | . 128 38 . . 26 . . . . . . . . . . . Thermal 111 | . 1 . 98 . . . 4 . . . . . . . 8 . Explosive 3 | . . . . . . . 3 . . . . . . . . . Electromagnetic 23 | . 1 . 7 . . . 4 . . . . . . 4 7 . Robot Hit Streak 13 | . 9 12 13 . 12 . 3 . . . . . . 2 3 . Robot Miss Streak 4 | . 3 2 4 . 3 . 1 . . . . . . 1 3 . Penetration Max 1 | . . . . . 1 . . . . . . . . . . . Secondary Targets . | . . . . . . . . . . . . . . . . . Shots Hit Robots 238 | . 78 23 57 4 18 26 9 . . 9 1 1 . 5 7 . Core Hits 121 | . 33 16 29 . 8 4 9 . . 5 1 1 . 5 10 . Critical Hits 8 | . . 1 6 . . . . . . 1 . . . . . . Critical Kills 3 | . . 1 2 . . . . . . . . . . . . . Critical Parts Destroyed 5 | . . . 4 . . . . . . 1 . . . . . . Melee Attacks 126 | . 6 . 1 9 16 33 7 . . 30 1 1 2 8 12 . Impact 46 | . . . . . 13 33 . . . . . . . . . . Slashing 26 | . 6 . 1 9 3 . 7 . . . . . . . . . Piercing 54 | . . . . . . . . . . 30 1 1 2 8 12 . Sneak Attacks 7 | . . . . 2 2 2 . . . . . 1 . . . . Combat Hostiles 1 | . . . . . . . . . . . . 1 . . . . Follow-up Attacks . | . . . . . . . . . . . . . . . . . Damage Inflicted 6899 | . 1372 459 1383 235 516 898 704 . . 365 30 113 . 386 438 . Guns 407 | . . . . . 369 . 38 . . . . . . . . . Cannons 3376 | . 1372 459 1358 . . . . . . . . . . . 187 . Explosions 1149 | . . . . . . . 613 . . . . . . 285 251 . Melee 1967 | . . . 25 235 147 898 53 . . 365 30 113 . 101 . . Ramming . | . . . . . . . . . . . . . . . . . Kinetic 2200 | . 1372 459 . . 369 . . . . . . . . . . . Thermal 1419 | . . . 1194 . . . 38 . . . . . . . 187 . Explosive 66 | . . . . . . . 66 . . . . . . . . . Electromagnetic 1247 | . . . 164 . . . 547 . . . . . . 285 251 . Impact 898 | . . . . . . 898 . . . . . . . . . . Slashing 460 | . . . 25 235 147 . 53 . . . . . . . . . Piercing 609 | . . . . . . . . . . 365 30 113 . 101 . . Highest Corruption 7 | . . . . . . . 7 7 7 . . . . . . . Average Corruption 6 | . . . . . . . 5 7 7 . . . . . . . Corruption Purged . | . . . . . . . . . . . . . . . . . Effects 19 | . . . . . . . 13 1 5 . . . . . . . Message Errors 6 | . . . . . . . 2 . 4 . . . . . . . Matter Fused 4 | . . . . . . . 4 . . . . . . . . . Heat Flow Errors 2 | . . . . . . . 1 . 1 . . . . . . . Energy Discharges 4 | . . . . . . . 4 . . . . . . . . . Data Loss (minor) 3 | . . . . . . . 2 1 . . . . . . . . Overload Shots . | . . . . . . . . . . . . . . . . . Overflow Damage 184 | . 10 . 3 . . 83 65 . . 8 . . . 11 4 . Projectiles 13 | . 10 . 3 . . . . . . . . . . . . . Explosions 51 | . . . . . . . 47 . . . . . . . 4 . Melee 120 | . . . . . . 83 18 . . 8 . . . 11 . . Knockbacks 13 | . 9 4 . . . . . . . . . . . . . . Impact . | . . . . . . . . . . . . . . . . . Kinetic 13 | . 9 4 . . . . . . . . . . . . . . Secondary . | . . . . . . . . . . . . . . . . . Self-Inflicted Damage 327 | . . . . . . . 306 . . . . . . 18 3 . Shots 9 | . . . . . . . 7 . . . . . . 1 1 . Rammed . | . . . . . . . . . . . . . . . . . Targets Rammed . | . . . . . . . . . . . . . . . . . Kicked . | . . . . . . . . . . . . . . . . . Crushed . | . . . . . . . . . . . . . . . . . Highest Temperature 303 | . 195 54 303 . 10 . 166 . 157 . . . . . 144 . Average Temperature 71 | . 47 18 112 . 5 . 46 . 84 . . . . . 51 . Received Heat Transfer 1644 | . 189 33 378 . 126 288 195 . . 177 36 . . . 123 99 Siege Activations . | . . . . . . . . . . . . . . . . . Robots Corrupted . | . . . . . . . . . . . . . . . . . Combat Hostiles . | . . . . . . . . . . . . . . . . . Parts Fried 5 | . . . . . . 2 . . . . . . . 2 1 . Impact Corruptions 4 | . . . . . . 4 . . . . . . . . . . Robots Melted . | . . . . . . . . . . . . . . . . . Combat Hostiles . | . . . . . . . . . . . . . . . . . Parts Melted 2 | . . . 2 . . . . . . . . . . . . . Heat Transferred 2382 | . . . 2146 . . . 111 . . . . . . . 125 . Parts Sabotaged . | . . . . . . . . . . . . . . . . . Parts Stolen . | . . . . . . . . . . . . . . . . . Parts Stripped . | . . . . . . . . . . . . . . . . . Power Chain Reactions . | . . . . . . . . . . . . . . . . . Missiles Intercepted . | . . . . . . . . . . . . . . . . . Alert | -11 -10 -10 -9 -8 -7 -7 -6 -6 -6 -5 -5 -5 -5 -4 -4 -4 ------- Run | Scr Mat Min Mat Mat Fac Sto Fac Was Fac Fac Upp Upp Zhi Pro Fac Ext Peak Influence 440 | . 397 207 440 164 406 294 147 40 88 160 . . . . 153 37 Average Influence 130 | . 218 107 137 131 147 245 79 36 38 78 . . . . 96 30 Maximum Alert Level 2 | . 1 1 2 . 2 1 . . . . . . . . . . Low Security (%) 74 | 100 28 80 74 100 79 9 100 100 100 100 . . . . 100 100 Level 1 22 | . 71 19 14 . . 90 . . . . . . . . . . Level 2 3 | . . . 11 . 20 . . . . . . . . . . . Level 3 . | . . . . . . . . . . . . . . . . . Level 4 . | . . . . . . . . . . . . . . . . . Level 5 . | . . . . . . . . . . . . . . . . . High Security . | . . . . . . . . . . . . . . . . . Max Security . | . . . . . . . . . . . . . . . . . Squads Dispatched 27 | . 7 . 1 1 3 4 3 . 1 3 . 1 . . 3 . Investigation 7 | . 3 . 1 . 1 . . . . 2 . . . . . . Extermination 2 | . . . . . . . 1 . 1 . . . . . . . Reinforcement 15 | . 4 . . 1 2 2 2 . . 1 . . . . 3 . Assault 3 | . . . . . . 2 . . . . . 1 . . . . Garrison . | . . . . . . . . . . . . . . . . . Intercept . | . . . . . . . . . . . . . . . . . Construction Impeded 1 | . . . . . . . . . . . . . . . 1 . Haulers Reinforced 1 | . . . . . . 1 . . . . . . . . . . Stealth | -11 -10 -10 -9 -8 -7 -7 -6 -6 -6 -5 -5 -5 -5 -4 -4 -4 --------- Run | Scr Mat Min Mat Mat Fac Sto Fac Was Fac Fac Upp Upp Zhi Pro Fac Ext Distress Signals 7 | . 1 . 1 . . 1 . . . 2 . . . . 2 . Communications Jammed . | . . . . . . . . . . . . . . . . . Distress Signals . | . . . . . . . . . . . . . . . . . Times Spotted 244 | . 34 10 34 3 11 25 22 6 3 39 11 7 . 11 24 4 Peak Tracking Total 15 | . 5 3 8 2 5 15 13 6 3 11 9 8 . 4 14 4 Tactical Retreats 34 | . 2 . 2 1 4 3 4 . . 10 3 2 . 1 2 . Traps | -11 -10 -10 -9 -8 -7 -7 -6 -6 -6 -5 -5 -5 -5 -4 -4 -4 ------- Run | Scr Mat Min Mat Mat Fac Sto Fac Was Fac Fac Upp Upp Zhi Pro Fac Ext Traps Triggered 8 | . 2 . . . 1 . 1 . . 4 . . . . . . Indirectly . | . . . . . . . . . . . . . . . . . Trap Hack Attempts . | . . . . . . . . . . . . . . . . . Triggered . | . . . . . . . . . . . . . . . . . Disarmed 6 | . . . . . . 6 . . . . . . . . . . Reprogrammed . | . . . . . . . . . . . . . . . . . Reused . | . . . . . . . . . . . . . . . . . Traps Extracted . | . . . . . . . . . . . . . . . . . Installed . | . . . . . . . . . . . . . . . . . Triggered 2 | . . . . . . . 1 . . . . 1 . . . . Machines | -11 -10 -10 -9 -8 -7 -7 -6 -6 -6 -5 -5 -5 -5 -4 -4 -4 ---------- Run | Scr Mat Min Mat Mat Fac Sto Fac Was Fac Fac Upp Upp Zhi Pro Fac Ext Machines Disabled 7 | . 1 . 1 . . . 5 . . . . . . . . . Max in Single Turn 4 | . 1 . 1 . . . 4 . . . . . . . . . Garrison Access 1 | . . . . . . . . . . 1 . . . . . . Machines Sabotaged . | . . . . . . . . . . . . . . . . . Garrisons Compromised . | . . . . . . . . . . . . . . . . . Overloaded Fab Kills . | . . . . . . . . . . . . . . . . . Fab Network Shutdowns 1 | . . . . . 1 . . . . . . . . . . . Hacking | -11 -10 -10 -9 -8 -7 -7 -6 -6 -6 -5 -5 -5 -5 -4 -4 -4 --------- Run | Scr Mat Min Mat Mat Fac Sto Fac Was Fac Fac Upp Upp Zhi Pro Fac Ext Machines Accessed 53 | . 4 . 6 3 8 2 7 . 2 11 . . 9 . 1 . Terminals 31 | . 3 . 5 3 6 2 2 . 1 8 . . . . 1 . Fabricators 4 | . . . . . 2 . 2 . . . . . . . . . Repair Stations 1 | . . . . . . . 1 . . . . . . . . . Recycling Units 4 | . 1 . . . . . 1 . 1 1 . . . . . . Scanalyzers 3 | . . . 1 . . . 1 . . 1 . . . . . . Garrison Access 1 | . . . . . . . . . . 1 . . . . . . Total Hacks 184 | . 12 . 23 9 22 6 19 . 9 35 . . 48 . 1 . Successful 140 | . 5 . 14 7 16 5 16 . 6 22 . . 48 . 1 . Failed 44 | . 7 . 9 2 6 1 3 . 3 13 . . . . . . Catastrophic 5 | . 1 . 2 . 2 . . . . . . . . . . . Database Lockouts . | . . . . . . . . . . . . . . . . . Manual 70 | . 10 . 14 8 11 3 3 . 2 19 . . . . . . Terminals 97 | . 10 . 21 9 17 6 7 . 1 25 . . . . 1 . Fabricators 9 | . . . . . 5 . 4 . . . . . . . . . Repair Stations 3 | . . . . . . . 3 . . . . . . . . . Recycling Units 16 | . 2 . . . . . 1 . 8 5 . . . . . . Scanalyzers 9 | . . . 2 . . . 4 . . 3 . . . . . . Garrison Access 2 | . . . . . . . . . . 2 . . . . . . Terminal Hacks 83 | . 1 . 7 2 7 3 5 . . 9 . . 48 . 1 . Record 44 | . . . . . 1 . 1 . . 6 . . 36 . . . Part Schematic 4 | . . . . . . . . . . . . . 4 . . . Robot Schematic 1 | . . . . 1 . . . . . . . . . . . . Robot Analysis 7 | . 1 . 1 . . . . . . 1 . . 4 . . . Prototype ID Bank 6 | . . . 2 . . . . . . . . . 4 . . . Open Door 2 | . . . . . . 1 . . . . . . . . 1 . Terminal Index 1 | . . . . . 1 . . . . . . . . . . . Fabricator Index 1 | . . . . . 1 . . . . . . . . . . . Recycling Unit Index 1 | . . . . . . . . . . 1 . . . . . . Garrison Index 1 | . . . . . 1 . . . . . . . . . . . Alert Level 1 | . . . . . . . 1 . . . . . . . . . Unreport Threat 3 | . . . 1 1 . . 1 . . . . . . . . . Locate Traps 4 | . . . 1 . 2 . 1 . . . . . . . . . Disarm Traps 1 | . . . . . . 1 . . . . . . . . . . Investigation Status 1 | . . . . . . 1 . . . . . . . . . . Recall Investigation 1 | . . . . . 1 . . . . . . . . . . . Recall Reinforcements 1 | . . . . . . . . . . 1 . . . . . . Hauler Manifests 2 | . . . 1 . . . 1 . . . . . . . . . Zone Layout 1 | . . . 1 . . . . . . . . . . . . . Fabricator Hacks 8 | . . . . . 5 . 3 . . . . . . . . . Network Status 1 | . . . . . . . 1 . . . . . . . . . Load Schematic 3 | . . . . . 2 . 1 . . . . . . . . . Build 4 | . . . . . 3 . 1 . . . . . . . . . Repair Station Hacks 3 | . . . . . . . 3 . . . . . . . . . Scan Component 1 | . . . . . . . 1 . . . . . . . . . Repair 1 | . . . . . . . 1 . . . . . . . . . Refit 1 | . . . . . . . 1 . . . . . . . . . Recycling Unit Hacks 9 | . . . . . . . 1 . 5 3 . . . . . . Recycle Component 3 | . . . . . . . . . 2 1 . . . . . . Process 2 | . . . . . . . . . 1 1 . . . . . . Retrieve Matter 2 | . . . . . . . . . 1 1 . . . . . . Retrieve Components 2 | . . . . . . . 1 . 1 . . . . . . . Scanalyzer 7 | . . . 2 . . . 2 . . 3 . . . . . . Insert Component 4 | . . . 1 . . . 1 . . 2 . . . . . . Analyze 3 | . . . 1 . . . 1 . . 1 . . . . . . Garrison Access Hacks 1 | . . . . . . . . . . 1 . . . . . . Seal Access 1 | . . . . . . . . . . 1 . . . . . . Unauthorized Hacks 75 | . 12 . 14 12 8 4 4 . 3 18 . . . . . . Terminals 26 | . 2 . 5 5 4 2 2 . . 6 . . . . . . Track 2 | . . . 1 . 1 . . . . . . . . . . . Assimilate 3 | . . . . . 1 1 . . . 1 . . . . . . Botnet 19 | . 2 . 4 3 2 1 2 . . 5 . . . . . . Disrupt 1 | . . . . 1 . . . . . . . . . . . . Operators 1 | . . . . 1 . . . . . . . . . . . . Fabricators . | . . . . . . . . . . . . . . . . . Repair Stations . | . . . . . . . . . . . . . . . . . Recycling Units 3 | . 2 . . . . . . . 1 . . . . . . . Reject 2 | . 1 . . . . . . . 1 . . . . . . . Mask 1 | . 1 . . . . . . . . . . . . . . . Scanalyzers . | . . . . . . . . . . . . . . . . . Garrison Access . | . . . . . . . . . . . . . . . . . Data Cores Recovered . | . . . . . . . . . . . . . . . . . Used . | . . . . . . . . . . . . . . . . . Hacking Detections 34 | . 3 . 5 3 7 1 3 . 2 10 . . . . . . Full Trace Events 5 | . 1 . 1 . 1 . . . . 2 . . . . . . Feedback Events . | . . . . . . . . . . . . . . . . . Feedback Blocked . | . . . . . . . . . . . . . . . . . Robot Schematics Acquired 1 | . . . . 1 . . . . . . . . . . . . Robots Built . | . . . . . . . . . . . . . . . . . Matter . | . . . . . . . . . . . . . . . . . Time . | . . . . . . . . . . . . . . . . . Total Robot Build Rating . | . . . . . . . . . . . . . . . . . Part Schematics Acquired 7 | . . . 1 . . . 1 . . 1 . . 4 . . . Parts Built 2 | . . . . . 1 . 1 . . . . . . . . . Matter 431 | . . . . . 146 . 285 . . . . . . . . . Time 149 | . . . . . 73 . 76 . . . . . . . . . Total Part Build Rating 8 | . . . . . 3 . 5 . . . . . . . . . Parts Repaired 1 | . . . . . . . 1 . . . . . . . . . Time 22 | . . . . . . . 22 . . . . . . . . . Parts Recycled 3 | . . . . . . . . . 2 1 . . . . . . Recycled Matter 89 | . . . . . . . . . 47 42 . . . . . . Retrieved Matter 89 | . . . . . . . . . 47 42 . . . . . . Retrieved Components 3 | . . . . . . . 1 . 2 . . . . . . . Parts Scanalyzed 3 | . . . 1 . . . 1 . . 1 . . . . . . Part Schematics Acquired 3 | . . . 1 . . . 1 . . 1 . . . . . . Parts Damaged 1 | . . . . . . . . . . 1 . . . . . . Bothacking | -11 -10 -10 -9 -8 -7 -7 -6 -6 -6 -5 -5 -5 -5 -4 -4 -4 ------------ Run | Scr Mat Min Mat Mat Fac Sto Fac Was Fac Fac Upp Upp Zhi Pro Fac Ext Used RIF Installer . | . . . . . . . . . . . . . . . . . Robots Hacked . | . . . . . . . . . . . . . . . . . Non-combat . | . . . . . . . . . . . . . . . . . Combat . | . . . . . . . . . . . . . . . . . Robot Hacks Applied . | . . . . . . . . . . . . . . . . . Relay Couplers Released . | . . . . . . . . . . . . . . . . . Robots Rewired . | . . . . . . . . . . . . . . . . . Allies Hacked . | . . . . . . . . . . . . . . . . . Hacks Repelled . | . . . . . . . . . . . . . . . . . Allies | -11 -10 -10 -9 -8 -7 -7 -6 -6 -6 -5 -5 -5 -5 -4 -4 -4 -------- Run | Scr Mat Min Mat Mat Fac Sto Fac Was Fac Fac Upp Upp Zhi Pro Fac Ext Total Allies 8 | . . 4 . . . 3 . . . 1 . . . . . . Largest Group 4 | . . 4 2 . . 3 . . . 1 . . . . . . Highest-Rated Group 72 | . . 71 47 . . 72 . . . 26 . . . . . . Highest-Rated Ally 31 | . . 31 31 . . 31 . . . 26 . . . . . . Total Orders 6 | . . . . . . 1 2 . 1 2 . . . . . . ROAM 1 | . . . . . . 1 . . . . . . . . . . EXPLORE 4 | . . . . . . . 1 . 1 2 . . . . . . RETURN 1 | . . . . . . . 1 . . . . . . . . . Ally Attacks 37 | . . 12 21 . . 4 . . . . . . . . . . Total Damage 412 | . . 154 194 . . 64 . . . . . . . . . . Kills 8 | . . 3 5 . . . . . . . . . . . . . Allies Corrupted . | . . . . . . . . . . . . . . . . . Allies Melted . | . . . . . . . . . . . . . . . . . Intel | -11 -10 -10 -9 -8 -7 -7 -6 -6 -6 -5 -5 -5 -5 -4 -4 -4 ------- Run | Scr Mat Min Mat Mat Fac Sto Fac Was Fac Fac Upp Upp Zhi Pro Fac Ext Robot Analysis Total 7 | . 1 . 1 . . . . . . 1 . . 4 . . . Derelict Logs Recovered 5 | . . 1 . . . . . . . . 2 1 . 1 . . Drone Launches 26 | . . . . . . 16 . . 2 8 . . . . . . Drone Recoveries . | . . . . . . . . . . . . . . . . . Exploration | -11 -10 -10 -9 -8 -7 -7 -6 -6 -6 -5 -5 -5 -5 -4 -4 -4 ------------- Run | Scr Mat Min Mat Mat Fac Sto Fac Was Fac Fac Upp Upp Zhi Pro Fac Ext Turns Passed 6844 | 8 1330 948 815 177 511 171 661 77 349 693 130 108 92 312 383 79 Spaces Moved 8081 | 7 757 585 445 351 620 184 756 179 609 1363 300 290 243 733 455 204 Core 45 | . . . . . . . . . . 1 . . . . 21 23 Treads 74 | . . . . . . . . . . . . . . . 74 . Legs 1728 | 7 757 585 379 . . . . . . . . . . . . . Wheels . | . . . . . . . . . . . . . . . . . Hover . | . . . . . . . . . . . . . . . . . Flight 6234 | . . . 66 351 620 184 756 179 609 1362 300 290 243 733 360 181 Fastest Speed 29 | 120 120 120 29 29 29 29 29 37 34 34 31 31 31 31 31 34 Average Speed 58 | 120 138 146 132 29 30 31 31 39 35 36 34 31 31 32 54 36 Slowest Speed 180 | 120 180 150 180 29 32 105 109 40 40 105 37 31 31 34 160 100 Overloaded Moves . | . . . . . . . . . . . . . . . . . Propulsion Burnouts . | . . . . . . . . . . . . . . . . . Robots Hopped 15 | . . . 1 . . . 6 . 2 5 . . . . 1 . Cave-ins Triggered 1 | . . . . . . . 1 . . . . . . . . . Teleports 1 | . . . . . . . . . . . . . 1 . . . Exploration Rate (%) 47 | 3 87 97 42 31 17 75 26 82 10 45 61 49 62 74 11 35 Regions Visited 16 Branch Regions 7 Pre-discovered Areas 5 | . . . . . . 1 . . . . 1 . 3 . . . Known Exits Taken 13 | . 1 1 1 1 1 1 . . 1 1 1 1 1 1 1 . Unknown Exits Taken 1 | 1 . . . . . . . . . . . . . . . . Scrap Searched 8 | . . 1 . . . . . . . . 3 2 . 2 . . Spaces Dug 40 | . 2 . . 3 7 3 5 . . 10 . . 2 . 8 . Terrain Destroyed 108 | . 2 . . 3 7 3 72 . . 10 . . 2 . 9 . Melee 40 | . 2 . . 3 7 3 5 . . 10 . . 2 . 8 . Projectile 1 | . . . . . . . . . . . . . . . 1 . AOE 67 | . . . . . . . 67 . . . . . . . . . Actions | -11 -10 -10 -9 -8 -7 -7 -6 -6 -6 -5 -5 -5 -5 -4 -4 -4 --------- Run | Scr Mat Min Mat Mat Fac Sto Fac Was Fac Fac Upp Upp Zhi Pro Fac Ext Total 9687 | 6 907 640 567 409 887 246 1158 183 740 1514 320 305 255 786 554 210 Wait 902 | . 26 35 20 33 199 5 329 . 114 56 11 11 . 26 36 1 Move 8036 | 6 756 584 442 350 619 183 744 178 604 1352 299 289 242 732 452 204 Hop 13 | . . . 1 . . . 4 . 2 5 . . . . 1 . Pick Up 86 | . 17 . 12 6 8 1 10 1 6 12 2 1 . 5 5 . Fast Attach 84 | . 3 1 7 2 7 5 8 2 6 16 2 2 5 2 15 1 Attach 44 | . . . 9 4 7 6 6 1 . 2 1 . . 1 7 . Detach 32 | . . . 5 1 4 3 5 . 1 3 1 . 1 1 5 2 Swap 43 | . 11 . 4 . 5 . 4 . . 6 3 . 1 4 5 . Drop 103 | . 23 1 13 4 8 2 13 1 6 13 . 1 4 3 9 2 Fire 173 | . 65 19 53 . 14 . 7 . . . . . . 4 11 . Melee 119 | . 6 . 1 9 16 33 7 . . 27 1 1 2 8 8 . Ram . | . . . . . . . . . . . . . . . . . Kick . | . . . . . . . . . . . . . . . . . Crush . | . . . . . . . . . . . . . . . . . Escape Stasis 40 | . . . . . . . 21 . . 19 . . . . . . Rewire . | . . . . . . . . . . . . . . . . . Trap . | . . . . . . . . . . . . . . . . . Miscellaneous 12 | . . . . . . 8 . . 1 3 . . . . . . Route ------- -11/Scrapyard -10/Materials (discovered 4 exits: *Mat x3 / *Min) -10/Mines (discovered 2 exits: *Mat x2) -9/Materials (discovered 2 exits: *Mat / Min) -8/Materials -7/Factory (discovered 2 exits: *Sto / [*Low]) -7/Storage (discovered 2 exits: *Fac / [Rec]) -6/Factory -6/Waste -6/Factory -5/Factory -5/Upper Caves -5/Upper Caves -5/Zhirov -4/Proximity Caves -4/Factory -4/Extension History --------- Turn | Location | Event 1 | -11/Scrapyard | Discovered new exit (range 3) 9 | -11/Scrapyard | Entered Materials 207 | -10/Materials | Discovered new exit (range 16) 313 | -10/Materials | Build established: Mutant 504 | -10/Materials | Discovered new exit (range 12) 592 | -10/Materials | Identified exit to Materials 724 | -10/Materials | Discovered new exit (range 14) 788 | -10/Materials | Discovered exit to Materials (range 15) 1336 | -10/Materials | Identified exit to Mines 1339 | -10/Materials | Entered Mines 1449 | -10/Mines | Discovered exit to Materials (range 10) 1458 | -10/Mines | Escorted by a lone wolf Derelict 1735 | -10/Mines | Discovered exit to Materials (range 10) 1902 | -10/Mines | Assisted by bots powering up and referring to "LRC-V3" 2287 | -10/Mines | Entered Materials 2287 | -9/Materials | Accompanied by 2 allies 2287 | -9/Materials | Evolved 2 slots: Propulsion x1, Utility x1 2288 | -9/Materials | Identified exit to Mines 2745 | -9/Materials | Discovered new exit (range 10) 3055 | -9/Materials | Core integrity fell below 50% 3101 | -9/Materials | Identified exit to Materials 3102 | -9/Materials | Entered another Materials area 3102 | -8/Materials | Evolved 2 slots: Utility x2 3103 | -8/Materials | Lost 8 parts (1p3n4w) 3264 | -8/Materials | Discovered new exit (range 4) 3265 | -8/Materials | Identified exit to Factory 3279 | -8/Materials | Entered Factory 3279 | -7/Factory | Evolved 2 slots: Utility x2 3339 | -7/Factory | Discovered new exit (range 12) 3351 | -7/Factory | Build established: Hacker-Sprinter 3686 | -7/Factory | Local fabrication network quarantined 3715 | -7/Factory | Fabricated Hacking Suite (x1) 3772 | -7/Factory | Discovered new exit (range 11) 3775 | -7/Factory | Identified exit to Storage 3790 | -7/Factory | Entered Storage 3837 | -7/Storage | Discovered new exit (range 12) 3896 | -7/Storage | Core integrity fell below 50% 3917 | -7/Storage | Learned location of Armory (-4) 3929 | -7/Storage | Lost 7 parts (1p3n2u1w) 3945 | -7/Storage | Discovered new exit (range 11) 3948 | -7/Storage | Met a pair of Derelict thieves 3955 | -7/Storage | Found Prototype Launcher 3955 | -7/Storage | Identified Rocket Array 3961 | -7/Storage | Identified exit to Factory 3961 | -7/Storage | Entered Factory 3961 | -6/Factory | Accompanied by 1 ally 3961 | -6/Factory | Evolved 2 slots: Utility x2 4139 | -6/Factory | Crushed by falling debris 4357 | -6/Factory | Repaired Lrn. Terrain Scanner 4455 | -6/Factory | Fabricated Biomechanical Wings (x1) 4605 | -6/Factory | Lost 7 parts (1p4u2w) 4617 | -6/Factory | Core integrity fell below 50% 4622 | -6/Factory | Sucked down chute 4622 | -6/Factory | Entered Waste 4627 | -6/Waste | Spotted C-40 Crusher 4627 | -6/Waste | Spotted C-40 Crusher 4638 | -6/Waste | Spotted C-40 Crusher 4647 | -6/Waste | Spotted C-40 Crusher 4648 | -6/Waste | Spotted C-40 Crusher 4678 | -6/Waste | Spotted C-40 Crusher 4687 | -6/Waste | Discovered new exit (range 16) 4699 | -6/Waste | Identified exit to Factory 4699 | -6/Waste | Entered Factory 4757 | -6/Factory | Build established: Hacker-Mutant 5024 | -6/Factory | Discovered new exit (range 16) 5048 | -6/Factory | Identified exit to Factory 5048 | -6/Factory | Entered another Factory area 5048 | -5/Factory | Evolved 2 slots: Propulsion x1, Utility x1 5490 | -5/Factory | Lost 3 parts (1n2u) 5724 | -5/Factory | Discovered new exit (range 16) 5740 | -5/Factory | Identified exit to Upper Caves 5741 | -5/Factory | Entered Upper Caves 5771 | -5/Upper Caves | Learned Factory stockpile data 5807 | -5/Upper Caves | Learned location of Warlord (-4) 5841 | -5/Upper Caves | Core integrity fell below 50% 5867 | -5/Upper Caves | Discovered new exit (range 15) 5870 | -5/Upper Caves | Identified exit to Upper Caves 5871 | -5/Upper Caves | Entered another Upper Caves area 5877 | -5/Upper Caves | Encountered a Warlord checkpoint 5895 | -5/Upper Caves | Learned Factory terminal intel 5919 | -5/Upper Caves | Attracted the attention of an 0b10 outpost 5976 | -5/Upper Caves | Discovered new exit (range 13) 5979 | -5/Upper Caves | Identified exit to Zhirov 5979 | -5/Upper Caves | Entered Zhirov 5979 | -5/Zhirov | Discovered new exit (range 3) 5984 | -5/Zhirov | Identified exit to Proximity Caves 5995 | -5/Zhirov | Met Zhirov 6007 | -5/Zhirov | Learned location of Quarantine (-3) 6007 | -5/Zhirov | Learned location of Testing (-2) 6007 | -5/Zhirov | Learned location of Command (-1) 6010 | -5/Zhirov | Zhirov requested help retrieving the SGEMP Prototype 6016 | -5/Zhirov | Found Alien Artifact 6016 | -5/Zhirov | Identified Integrated Reactor 6016 | -5/Zhirov | Installed Integrated Reactor, increased core energy generation (+2%) 6022 | -5/Zhirov | Found Alien Artifact 6022 | -5/Zhirov | Identified Transdimensional Reconstructor 6022 | -5/Zhirov | Warped through subspace 6071 | -5/Zhirov | Entered Proximity Caves 6128 | -4/Proximity Caves | Build established: Hacker-Sprinter 6221 | -4/Proximity Caves | Spotted B-86 Titan 6272 | -4/Proximity Caves | Learned 4 Research zone layouts 6381 | -4/Proximity Caves | Discovered new exit (range 6) 6382 | -4/Proximity Caves | Identified exit to Factory 6383 | -4/Proximity Caves | Entered Factory 6383 | -4/Factory | Evolved 2 slots: Power x1, Weapon x1 6385 | -4/Factory | Loaded intel: 22 terminal locations 6527 | -4/Factory | Found Prototype Processor 6527 | -4/Factory | Identified Exp. Melee Analysis Suite 6569 | -4/Factory | Lost 4 parts (1p2n1u) 6755 | -4/Factory | Lost 11 parts (2p3n2u4w) 6763 | -4/Factory | Discovered new exit (range 10) 6765 | -4/Factory | Identified exit to Extension 6766 | -4/Factory | Entered Extension 6824 | -4/Extension | Build established: Hacker-Mutant 6826 | -4/Extension | Spotted B-86 Titan 6834 | -4/Extension | Spotted B-86 Titan 6837 | -4/Extension | Core integrity fell below 50% 6843 | -4/Extension | Core integrity fell below 20% 6845 | -4/Extension | Destroyed by Y-64 Sentinel with KE Penetrator Last Messages --------------- 06832_ Adv. Sensor Array destroyed. 06832_ Reaction Control System destroyed. 06834_ B-86 Titan activates siege mode. 06836_ Lgt. Nuclear Core destroyed. 06836_ Penetrated by Slug. 06836_ Slug penetrates Wall. 06837_ Penetrated by Slug. 06837_ Mak. Hacking Suite destroyed. 06837_ Penetrated by Slug. 06839_ Machine disabled. 06839_ Penetrated by Slug. 06839_ Slug penetrates Machine. 06840_ Penetrated by Slug. 06840_ Slug penetrates Wall. 06842_ Knocked back. 06842_ Slug penetrates Machine. 06842_ Slug penetrates Wall. 06842_ Adv. System Shield destroyed. 06842_ Slug penetrates Wall. 06842_ Penetrated by Slug. Map ----- +----------------------------------------------------+ | ?????????????????????????????????????????????????? | | ?????????????????????????????????????????????????? | | ?????????????????????????????????????????????????? | | ?????????????????????????????????????????????????? | | ??????? ?????????? ?????????????????????????????? | | ????? ? ?????????? ?????????????????????????????? | | ????? ?????????? ?????????????????????????????? | | ?????? ?????????? ?????????????????????????????? | | ?????? ?????????# ?????????????????????????????? | | ???? #????????# #????????????????????????????? | | ???? #????????# #????????????????????????????? | | ????? ] #????????# #????????????????????????????? | | ?????? #????????# #????????????????????????????? | | ??????? #??????### #????????????????????????????? | | ???????# ######## # #????????????????????????????? | | ?????### ##" ## #;# ###??????????????????????????? | | ?????#"" "" Y "" ""#??????????????????????????? | | ?????# " " " #??????????????????????????? | | ?????# ##?????????????????????????? | | ????## "#????????#????????????????? | | #####" #########;#######??????????? | | = ?????????? | | ?????????? | | ????????? | | ????????? | | @ k ????????? | | ###### B BB ################???????????? | | ?????# B #??????????????????????????? | | ?????# #??????????????????????????? | | ?????# #??????????????????????????? | | ?????# #??????????????????????????? | | ?????######T#"""#######??????????????????????????? | | ??????????###????????????????????????????????????? | | ?????????????????????????????????????????????????? | | | | | | | | | | | | | | | | | | | | | | | | | | | | | | | | | +----------------------------------------------------+ Best States ------------- Heat Dissipation 43 Coolant Potential 50 Energy Generation 40 Energy Capacity 300 Matter Stores 300 Matter Capacity 300 Sight Range 16 Robot Scan Range 16 Terrain Scan Range 24 Terrain Scan Density 185 ECM Strength 3 Power Amplification 20 Corruption Prevention 12 Armor Coverage 225 Evasion (%) 75 Targeting Accuracy 8 Melee Accuracy 6 Core Analysis 8 Recoil Reduction 2 Particle Charging 30 Salvage Targeting 1 Offensive Hacking 35 Defensive Hacking 24 Item Schematics ----------------- Hacking Suite | -9/Materials | Scanalyzed Biomechanical Wings | -6/Factory | Scanalyzed Imp. Remote Datajack | -5/Factory | Scanalyzed Assault Drone Bay | -5/Zhirov | Free Exp. Heat Sink | -5/Zhirov | Free Exp. Optical Array | -5/Zhirov | Free Imp. Arc Thrower | -5/Zhirov | Free Robot Schematics ------------------ G-47 Trooper | -8/Materials | Hacked Fabricated ------------ Hacking Suite | x1 | -7/Factory Biomechanical Wings | x1 | -6/Factory Alien Tech Used ----------------- Integrated Reactor Transdimensional Reconstructor Achievements -------------- Release The Drones! Subspace Traveler The Science Guy Challenges ------------ None Game ------ Seed IntegratedCentriumCannon Manual? 0 Play Time 02:45:27 Cumulative 65.2 hours Start 2019.12.28 @ 16:58:34 End 2019.12.28 @ 20:34:47 Sessions 3 Manual Loads 0 Difficulty Rogue Special Mode None Game No. 60 Rogue 60 Adventurer 0 Explorer 0 Win Type - Total 0 Types 0/0/0/0/0/0/0 Lore% 40 Gallery% 47 Achievement% 35 Wizard Run 0 Options --------- ASCII 0 Keyboard 1 Movement Numpad Keybinds 0 Fullscreen 2 Font 18/SmallcapsGlow Map View 76x50 Tactical HUD 1 Map Filters NONE Filters NONE Steam 1 RUN: 97a83df6-8cae-4a45-af81-38d517d9a521